 Dungeon Crawl Stone Soup version 0.20-a0-263-g81abdfb (webtiles) character file.

373 roflturtle the Charmwright (level 6, -2/39 HPs)
             Began as a High Elf Skald on Dec 5, 2016.
             Was an Initiate of Okawaru.
             Slain by an iguana (10 damage)
             ... on level 5 of the Dungeon.
             The game lasted 00:12:47 (4083 turns).

roflturtle the Charmwright (High Elf Skald)         Turns: 4083, Time: 00:12:47

Health: -2/39      AC:  3    Str: 11    XL:     6   Next: 43%
Magic:  0/11       EV: 12    Int: 16    God:    Okawaru [......]
Gold:   83         SH:  0    Dex: 17    Spells: 3/11 levels left

rFire  . . .     SeeInvis .     a - +0 falchion
rCold  . . .     Gourm    .     b - +0 leather armour
rNeg   . . .     Faith    .     (no shield)
rPois  .         Spirit   .     (no helmet)
rElec  .         Reflect  .     (no cloak)
rCorr  .         Harm     .     (no gloves)
MR     .....                    (no boots)
Stlth  +.........               (no amulet)
                                (no ring)
                                (no ring)

@: no status effects
A: no striking features
a: Renounce Religion


You were on level 5 of the Dungeon.
You worshipped Okawaru.
Okawaru was noncommittal.
You were not hungry.

You visited 1 branch of the dungeon, and saw 5 of its levels.

You collected 122 gold pieces.
You spent 39 gold pieces at shops.

Inventory:

Hand Weapons
 a - a +0 falchion (weapon)
 t - a +0 hand axe of flaming
Missiles
 i - 98 arrows
 s - 2 poisoned tomahawks
 u - 3 tomahawks (quivered)
Armour
 b - a +0 leather armour (worn)
Jewellery
 h - an uncursed ring of wizardry {unknown}
Scrolls
 e - a scroll of noise {unknown}
 g - 4 scrolls of identify {unknown}
 j - 2 scrolls of fear {unknown}
 l - 3 scrolls of remove curse {unknown}
 p - a scroll of enchant weapon {unknown}
 q - 3 scrolls of blinking {unknown}
 x - a scroll of magic mapping {unknown}
 y - a scroll of amnesia {unknown}
Potions
 f - a potion of curing
 k - 2 potions of degeneration {unknown}
 m - 2 potions of resistance {unknown}
 o - a potion of flight {unknown}
 r - 2 potions of agility {unknown}
 v - a potion of haste {unknown}
Books
 c - a book of Battle

   Spells                             Type                      Level
   a - Infusion                       Charms                       1
   b - Shroud of Golubria             Charms/Translocation         2
   c - Song of Slaying                Charms                       2
   d - Spectral Weapon                Hexes/Charms                 3
   e - Regeneration                   Charms/Necromancy            3
Comestibles
 d - 2 bread rations
 n - a meat ration
 w - 7 chunks of flesh


   Skills:
 - Level 2.0 Fighting
 - Level 4.2 Long Blades
 - Level 0.8 Armour
 - Level 2.0 Dodging
 - Level 3.3 Spellcasting
 - Level 6.0 Charms
 - Level 2.0 Translocations
 + Level 2.5 Invocations


You had 3 spell levels left.
You knew the following spells:

 Your Spells              Type           Power        Failure   Level  Hunger
a - Infusion              Chrm           ###.         1%          1    None
b - Song of Slaying       Chrm           ###.....     3%          2    ##.....
c - Shroud of Golubria    Chrm/Tloc      ###.......   10%         2    ##.....
d - Regeneration          Chrm/Necr      ##........   24%         3    ###....


Dungeon Overview and Level Annotations

Branches:
Dungeon (5/15)
 Temple: D:4-7

Altars:
Elyvilon
Okawaru
Yredelemnul

Shops:
D:4 !

Annotations:
D:4 arazyal's ghost, novice HuWn


Message History

You hit the iguana but do no damage.
The iguana is heavily wounded.
The iguana closely misses you.
There is a stone staircase leading down here.
Your magical infusion is running out.
You hit the iguana.
The iguana is heavily wounded.
The iguana closely misses you.
You hit the iguana.
The iguana is severely wounded.
The iguana closely misses you.
You riposte.
You barely miss the iguana.
The iguana is severely wounded.
You hit the iguana but do no damage.
The iguana is severely wounded.
The iguana barely misses you.
You barely miss the iguana.
The iguana is severely wounded.
You are no longer magically infusing your attacks.
The iguana bites you!
You die...

##.....# Z.....# #
#.....# # #!....#
# #l....# +
#.....#
#######'###
.#......##########
........).>....l@#
.#.#############.#
##.# #.# #.# #.#
..# #.# ### #.#
#.# #.#


You could see an iguana.

Vanquished Creatures
  An ogre (D:5)
  Jessica (D:2)
  2 iguanas
  An orc wizard (D:3)
  2 worker ants (D:4)
  An adder (D:5)
  An ooze (D:3)
  2 worms (D:2)
  3 dart slugs
  3 leopard geckos
  14 orcs
  A ball python (D:3)
  7 giant cockroaches
  9 hobgoblins
  4 jackals
  2 quokkas
  13 bats
  5 frilled lizards
  14 goblins
  4 kobolds
  5 rats
95 creatures vanquished.

Notes
Turn   | Place    | Note
-------+----------+-------------------------------------------
     0 | D:1      | roflturtle the High Elf Skald began the quest for the Orb.
     0 | D:1      | Reached XP level 1. HP: 14/14 MP: 4/4
   219 | D:1      | Reached XP level 2. HP: 17/19 MP: 6/6
   231 | D:1      | Reached skill level 4 in Charms
   762 | D:1      | Reached XP level 3. HP: 24/24 MP: 4/7
   910 | D:2      | Reached skill level 5 in Charms
  1526 | D:2      | Noticed Jessica
  1535 | D:2      | Killed Jessica
  1535 | D:2      | Reached XP level 4. HP: 3/29 MP: 0/8
  1876 | D:2      | Found a basalt altar of Yredelemnul.
  2125 | D:2      | Learned a level 2 spell: Song of Slaying
  2128 | D:2      | Learned a level 2 spell: Shroud of Golubria
  2833 | D:3      | Reached XP level 5. HP: 20/34 MP: 5/10
  3037 | D:3      | Found an iron altar of Okawaru.
  3144 | D:3      | Became a worshipper of Warmaster Okawaru
  3478 | D:3      | Found a white marble altar of Elyvilon.
  3660 | D:4      | Reached skill level 6 in Charms
  3885 | D:4      | Learned a level 3 spell: Regeneration
  3911 | D:4      | Found Deyniamm's Distillery.
  3919 | D:4      | Bought a potion of curing for 39 gold pieces
  3930 | D:4      | Reached skill level 1 in Translocations
  3996 | D:4      | Reached XP level 6. HP: 22/39 MP: 1/11
  4008 | D:4      | Noticed arazyal's ghost (novice HuWn)
  4036 | D:5      | Entered Level 5 of the Dungeon
  4083 | D:5      | Slain by an iguana

Vault maps used:
D:1:      zaba_arrival_water, bh_walls_and_bars
D:2:      yredelemnul_altar_generic, grunt_ministairs_6, uniq_jessica,
          uniq_sigmund
D:3:      okawaru_metal_pillars_1_2, elyvilon_altar_3
D:4:      serial_shops, nicolae_shop_waterfront, first_bread
D:5:      minmay_opposing_rooms, kennysheep_mini_moat, trog_butcher_becter

Skill      XL: |  1  2  3  4  5  6 |
---------------+-------------------+-----
Long Blades    | 3 4 |  4.2
Charms         | 4 5 6 |  6.0
Dodging        | 2 |  2.0
Spellcasting   | 3 |  3.3
Translocations | 2 |  2.0
Invocations    | 2 |  2.5
Fighting       | |  2.0
Armour         | |  0.8

Action                   |  1- 3 |  4- 6 || total
-------------------------+-------+-------++-------
Melee: Falchion          |    99 |   141 ||   240
Throw: Tomahawk          |       |     1 ||     1
 Cast: Infusion          |    14 |    23 ||    37
       Shroud of Golubri |       |     4 ||     4
       Song of Slaying   |       |     1 ||     1
  Eat: Chunk             |     2 |     9 ||    11
Armor: Leather armour    |    31 |    20 ||    51
Dodge: Dodged            |    64 |    95 ||   159
       Rpst.: Falchion   |    20 |    27 ||    47
